 Dungeon Crawl Stone Soup version 0.21.1-1-g345015f (webtiles) character file.

51 zishaf the Sneak (level 3, 0/19 HPs)
             Began as a Vine Stalker Assassin on May 28, 2018.
             Slain by a hobgoblin
             ... wielding a +0 club
              (5 damage)
             ... on level 2 of the Dungeon.
             The game lasted 00:02:01 (1275 turns).

zishaf the Sneak (Vine Stalker Assassin)            Turns: 1275, Time: 00:02:01

Health: 0/19       AC:  3    Str: 14    XL:     3   Next: 83%
Magic:  0/4        EV: 11    Int: 11    God:
Gold:   56         SH:  0    Dex: 15    Spells: 2/2 levels left

rFire    . . .     SeeInvis .   a - +2 dagger
rCold    . . .     Gourm    .   (no shield)
rNeg     . . .     Faith    .   c - +0 robe
rPois    .         Spirit   +   (no helmet)
rElec    .         Reflect  .   d - +0 cloak
rCorr    .         Harm     .   (no gloves)
MR       .....                  (no boots)
Stlth    +++.......             (no amulet)
HPRegen  0.06/turn              (no ring)
MPRegen  0.09/turn              (no ring)

@: no status effects
A: fangs 2, magic shield, antimagic bite, no potion heal 3, rot immunity
a: no special abilities


You were on level 2 of the Dungeon.
You were not hungry.

You visited 1 branch of the dungeon, and saw 2 of its levels.

You collected 56 gold pieces.

Inventory:

Hand Weapons
 a - a +2 dagger (weapon)
 b - a +0 blowgun
Missiles
 e - 8 poisoned needles
 f - 2 curare-tipped needles
Armour
 c - a +0 robe (worn)
 d - a +0 cloak (worn)
Scrolls
 i - 3 scrolls of identify {unknown}
 j - a scroll of magic mapping {unknown}
 k - a scroll of amnesia {unknown}
 m - a scroll of enchant weapon {unknown}
 n - a scroll of immolation {unknown}
 p - a scroll of teleportation {unknown}
 q - a scroll of enchant armour {unknown}
Potions
 h - a potion of degeneration {unknown}
 o - a potion of lignification {unknown}
 r - a potion of flight {unknown}
Comestibles
 g - 2 rations
 l - 8 chunks of flesh


   Skills:
 + Level 2.7 Fighting
 + Level 2.7 Short Blades
 - Level 2.0 Throwing
 - Level 0.7 Dodging
 - Level 5.0 Stealth


You had 2 spell levels left.
You didn't know any spells.

Dungeon Overview and Level Annotations

Branches:
Dungeon (2/15)

Altars:


Innate Abilities, Weirdness & Mutations

You have extremely sharp teeth.
When hurt, damage is shared between your health and your magic reserves.
Your bite disrupts and absorbs the magic of your enemies.
Potions cannot restore your health.
You are immune to rotting.


Message History

The hobgoblin is moderately wounded.
The hobgoblin hits you but does no damage.
You hit the hobgoblin. Your bite misses the hobgoblin.
The hobgoblin is heavily wounded.
The hobgoblin hits you.
You hit the hobgoblin.
You kill the hobgoblin!
You see here a hobgoblin corpse.
You butcher the hobgoblin corpse.
The hobgoblin hits you but does no damage.
Things that are here:
3 chunks of flesh; a hobgoblin skeleton You closely miss the hobgoblin.
The hobgoblin hits you with a club.
* * * LOW HITPOINT WARNING * * *
You hit the hobgoblin but do no damage. The hobgoblin closely misses you.
You closely miss the hobgoblin. You bite the hobgoblin. You drain its power.
You feel invigorated.
The hobgoblin is heavily wounded.
The hobgoblin hits you with a club!
You die...

#....#....##.##
#....#...##.)#
#.......w##.##
#....###..#รท#
#....# ##.#.#
#....# #..w.#
##### #....#
##.
#...w####.....
#....g@...#
#....######
##.### #.###
#...# ###.##
#..# ##.###
#...#


You could see a worm and a hobgoblin.

Vanquished Creatures
  2 dart slugs (D:1)
  A leopard gecko (D:1)
  3 giant cockroaches (D:1)
  4 goblins
  4 hobgoblins
  9 jackals
  6 kobolds
  A ball python (D:1)
  4 bats
  4 frilled lizards
  4 rats (D:1)
42 creatures vanquished.

Notes
Turn   | Place    | Note
-------+----------+-------------------------------------------
     0 | D:1      | zishaf the Vine Stalker Assassin began the quest for the Orb.
     0 | D:1      | Reached XP level 1. HP: 11/11 MP: 2/2
    26 | D:1      | Reached skill level 5 in Stealth
    70 | D:1      | Reached XP level 2. HP: 9/15 MP: 3/3
   702 | D:1      | Reached XP level 3. HP: 19/19 MP: 4/4
  1275 | D:2      | Slain by a hobgoblin

Skill      XL: |  1 |
---------------+----+-----
Stealth        | 5 |  5.0
Throwing       | 2 |  2.0
Fighting       | 2 |  2.7
Short Blades   | 2 |  2.7
Dodging        | |  0.7

Action                   || total
-------------------------++-------
Melee: Dagger            ||   106
       Bite              ||    33
 Stab: Sleeping          ||    13
  Eat: Chunk             ||     1
Armor: Robe              ||    14
Dodge: Dodged            ||    53
